 Dungeon Crawl Stone Soup version 0.20.1-1-g8b1a95d (webtiles) character file.

2275 Gukra the Transmogrifier (level 9, -2/64 HPs)
             Began as a Green Draconian Transmuter on Sept 25, 2017.
             Slain by a scorpion (7 damage)
             ... on level 7 of the Dungeon on Sept 26, 2017.
             The game lasted 00:27:17 (6599 turns).

Gukra the Transmogrifier (DrTm)                     Turns: 6599, Time: 00:27:18

Health: -2/64      AC:  2    Str: 13    XL:     9   Next: 16%
Magic:  10/12      EV: 19    Int: 16    God:
Gold:   452        SH:  0    Dex: 17    Spells: 3/13 levels left

rFire    . . .     SeeInvis .     - Unarmed
rCold    . . .     Gourm    +   (shield currently unavailable)
rNeg     . . .     Faith    .   (armour unavailable)
rPois    x         Spirit   .   (helmet currently unavailable)
rElec    .         Reflect  .   (cloak currently unavailable)
rCorr    .         Harm     .   (gloves currently unavailable)
MR       .....                  (boots currently unavailable)
Stlth    ++........             H - amulet of the gourmand
Regen    0.2/turn               e - +2 ring of slaying
MPRegen  0.2/turn               i - ring of wizardry

@: about to teleport, spider-form
A: (breathe noxious fumes), unfitting armour, AC +7
a: End Transformation


You were on level 7 of the Dungeon.
You were not hungry.
You were a venomous arachnid creature.
You visited 1 branch of the dungeon, and saw 7 of its levels.

You collected 452 gold pieces.

Inventory:

Hand Weapons
 w - the +8 longbow "Zephyr" (melded) {speed, Dex+3 SInv}
   (You found it on level 6 of the Dungeon)

   Attacks with this weapon are significantly faster.
   It affects your dexterity (+3).
   It lets you see invisible.
Missiles
 a - 131 arrows
 t - 5 tomahawks of returning (quivered)
 A - a throwing net
Armour
 f - a +0 cloak (melded)
 l - a +0 buckler
 F - a +1 pair of gloves (melded)
Jewellery
 e - a +2 ring of slaying (left front leg)
 i - a ring of wizardry (right front leg)
 H - an amulet of the gourmand (around neck)
Wands
 B - a wand of lightning (5/15)
 D - a wand of paralysis (13/24)
 G - a wand of acid (6/15)
Scrolls
 h - 3 scrolls of identify
 j - 3 scrolls of recharging
 o - a scroll of remove curse
 q - 3 scrolls of fog
 s - a scroll of magic mapping
 y - a scroll of teleportation
 E - a scroll of fear {unknown}
Potions
 d - 2 potions of curing
 g - 3 potions of might {unknown}
 k - a potion of lignification {unknown}
 n - a potion of degeneration {unknown}
 p - a potion of heal wounds {unknown}
 r - a potion of invisibility {unknown}
 u - 2 potions of brilliance {unknown}
 v - 2 potions of flight {unknown}
Books
 b - a book of Changes

   Spells                             Type                      Level
   a - Beastly Appendage              Transmutation                1
   b - Sticks to Snakes               Transmutation                2
   c - Spider Form                    Transmutation/Poison         3
   d - Ice Form                       Ice/Transmutation            4
   e - Blade Hands                    Transmutation                5
Comestibles
 c - 4 bread rations
 m - a meat ration
 z - a royal jelly
 C - 4 fruits
 I - a chunk of flesh


   Skills:
 - Level 1.3 Fighting
 + Level 1.6 Bows
 - Level 1.0 Throwing
 - Level 1.8 Dodging
 - Level 3.5 Shields
 * Level 7.0 Unarmed Combat
 - Level 2.5 Spellcasting
 - Level 8.0 Transmutations
 - Level 3.5 Ice Magic
 - Level 3.5 Poison Magic


You had 3 spell levels left.
You knew the following spells:

 Your Spells              Type           Power        Failure   Level  Hunger
a - Beastly Appendage     Tmut           ####..       1%          1    #......
b - Sticks to Snakes      Tmut           ####....     2%          2    ##.....
c - Spider Form           Tmut/Pois      ###.......   6%          3    ###....
d - Ice Form              Ice/Tmut       ###.....     16%         4    #####..


Dungeon Overview and Level Annotations

Branches:
Dungeon (7/15)
 Temple: D:4-7

Altars:
Ru
The Shining One

Annotations:
D:7 Joseph


Innate Abilities, Weirdness & Mutations

((You can breathe blasts of noxious fumes.))
((Your lurid green scales are hard. (AC +7)))
You cannot fit into any form of body armour.
((Your system is resistant to poisons. (rPois)))
((You are cold-blooded and may be slowed by cold attacks.))


Message History

Okay, then.
The scorpion stings you.
* * * LOW HITPOINT WARNING * * *
Joseph shouts, "I love to fight!
I love killing!"
Joseph hits you with an uncursed quarterstaff!
* * * LOW HITPOINT WARNING * * *
Unknown command.
Unknown command.
Unknown command.
Unknown command.
Unknown command.
Okay, then.
You feel better. The scorpion completely misses you. Joseph barely misses you.
As you read the scroll of teleportation, it crumbles to dust.
You feel strangely unstable. The scorpion closely misses you.
You feel better.
Joseph hits you with an uncursed quarterstaff!!
* * * LOW HITPOINT WARNING * * *
The scorpion stings you!
You die...

.. #.# #.# #.# #.#.#######
#.#....#..# #######
##.####.#..# ......#
#(..ss@l...# #####.#
#(..###H#.##..
#.....######...###.#..@.#
.................s.......(..
.........(.....###.....s...#
######.######..# #.####)####
#.# ...## ### .# #.# ###.. #
#.# #..#


You could see Joseph, a hippogriff, a scorpion and an iguana.

Vanquished Creatures
  Prince Ribbit (D:6)
  Eustachio (D:6)
  A steam dragon (D:6)
  Edmund (D:4)
  Duvessa (D:7)
  A black bear (D:6)
  A phantom (D:6)
  2 centaurs
  A bullfrog (D:6)
  Dowan (D:7)
  The ghost of Sharkman1231 the Conjurer, a weakling DsWn (D:3)
  3 howler monkeys
  A crimson imp (D:6)
  A bullfrog skeleton (D:5)
  2 bullfrog zombies
  3 hounds
  2 orc priests
  9 orc wizards
  2 iguanas
  5 worker ants
  A hound skeleton (D:5)
  8 adders
  A howler monkey skeleton (D:4)
  7 gnolls (D:5)
  A shadow imp (D:7)
  2 oozes (D:1)
  2 worms
  2 dart slugs (D:1)
  4 leopard geckos
  32 orcs
  3 ball pythons
  5 giant cockroaches
  7 goblins
  6 hobgoblins
  8 kobolds
  A quokka (D:2)
  8 bats
  4 frilled lizards
  A jackal skeleton (D:5)
  8 rats
151 creatures vanquished.

Vanquished Creatures (collateral kills)
  A worm (D:2)
1 creature vanquished.

Vanquished Creatures (others)
  A leopard gecko (D:1)
1 creature vanquished.

Grand Total: 153 creatures vanquished

Notes
Turn   | Place    | Note
-------+----------+-------------------------------------------
     0 | D:1      | Gukra the Draconian Transmuter began the quest for the Orb.
     0 | D:1      | Reached XP level 1. HP: 16/16 MP: 3/3
   118 | D:1      | Reached XP level 2. HP: 22/23 MP: 5/5
   462 | D:1      | Reached XP level 3. HP: 19/28 MP: 4/6
   472 | D:1      | Learned a level 2 spell: Sticks to Snakes
   476 | D:1      | Learned a level 3 spell: Spider Form
  1247 | D:2      | Reached XP level 4. HP: 35/35 MP: 4/7
  1946 | D:3      | Reached skill level 5 in Unarmed Combat
  2119 | D:3      | Reached skill level 1 in Shields
  2119 | D:3      | Reached XP level 5. HP: 30/40 MP: 8/8
  2186 | D:3      | Found a sacrificial altar of Ru.
  2304 | D:3      | Found a glowing golden altar of the Shining One.
  2602 | D:3      | Noticed Sharkman1231's ghost (weakling DsWn)
  2633 | D:3      | Killed Sharkman1231's ghost
  3235 | D:4      | Reached XP level 6. HP: 47/47 MP: 9/9
  3518 | D:4      | Reached skill level 1 in Poison Magic
  3597 | D:4      | Reached skill level 3 in Transmutations
  3638 | D:4      | Noticed Edmund
  3664 | D:4      | Killed Edmund
  3664 | D:4      | Your scales start taking on a lurid green colour.
  3664 | D:4      | Reached XP level 7. HP: 37/52 MP: 2/10
  3664 | D:4      | Gained mutation: Your system is resistant to poisons. (rPois) [Green Draconian growth]
  4037 | D:5      | Entered Level 5 of the Dungeon
  4130 | D:5      | Reached skill level 4 in Transmutations
  4274 | D:5      | Learned a level 4 spell: Ice Form
  4630 | D:5      | Reached skill level 1 in Ice Magic
  4829 | D:5      | Reached skill level 5 in Transmutations
  5182 | D:6      | Reached XP level 8. HP: 59/59 MP: 8/11
  5218 | D:6      | Reached skill level 1 in Throwing
  5237 | D:6      | Reached skill level 6 in Transmutations
  5728 | D:6      | Noticed Prince Ribbit
  5735 | D:6      | Killed Prince Ribbit
  5735 | D:6      | Reached skill level 7 in Transmutations
  5995 | D:6      | Noticed Eustachio
  6017 | D:6      | Killed Eustachio
  6067 | D:6      | Reached skill level 1 in Bows
  6070 | D:6      | Reached XP level 9. HP: 29/64 MP: 8/12
  6076 | D:6      | Reached skill level 8 in Transmutations
  6474 | D:7      | Noticed Duvessa
  6485 | D:7      | Killed Duvessa
  6490 | D:7      | Noticed Dowan
  6508 | D:7      | Killed Dowan
  6581 | D:7      | Noticed Joseph
  6596 | D:7      | HP: 2/64 [Joseph/uncursed quarterstaff (9)]
  6599 | D:7      | Slain by a scorpion

Skill      XL: |  1  2  3  4  5  6  7  8  9 |
---------------+----------------------------+-----
Unarmed Combat | 4 5 6 7 |  7.0
Shields        | 1 2 3 |  3.5
Poison Magic   | 2 3 |  3.5
Transmutations | 3 5 7 8 |  8.0
Ice Magic      | 1 3 |  3.5
Throwing       | 1 |  1.0
Bows           | 1 |  1.6
Fighting       | |  1.3
Dodging        | |  1.8
Spellcasting   | |  2.5

Action                   |  1- 3 |  4- 6 |  7- 9 || total
-------------------------+-------+-------+-------++-------
Melee: Unarmed           |   135 |   170 |   180 ||   485
       Headbutt          |     1 |     2 |     1 ||     4
       Tailslap          |    10 |     5 |     5 ||    20
       Punch             |     2 |       |     1 ||     3
       Kick              |     2 |     6 |       ||     8
       Longbow           |       |       |     5 ||     5
 Fire: Longbow           |       |       |    18 ||    18
Throw: Tomahawk          |       |       |     6 ||     6
 Cast: Beastly Appendage |    13 |    14 |     2 ||    29
       Sticks to Snakes  |     1 |       |       ||     1
       Spider Form       |       |    11 |    22 ||    33
       Ice Form          |       |       |     1 ||     1
 Abil: Breathe Noxious F |       |       |     4 ||     4
  Use: Scroll            |       |     8 |     3 ||    11
       Potion            |       |       |     2 ||     2
 Stab: Confused          |       |       |     1 ||     1
       Sleeping          |       |       |     1 ||     1
       Distracted        |       |       |     1 ||     1
  Eat: Chunk             |     2 |     9 |    14 ||    25
Armor: Skin              |    52 |    35 |    13 ||   100
Dodge: Dodged            |    81 |   100 |   128 ||   309
Block: Buckler           |       |     3 |     7 ||    10
